 Dungeon Crawl Stone Soup version 0.22-a0-480-g991dd4b (webtiles) character file.

37 Mgcat the Chopper (level 3, 0/31 HPs)
             Began as a Minotaur Berserker on June 15, 2018.
             Was a Follower of Trog.
             Slain by a goblin
             ... wielding a +0 dagger
             ... led by Robin
              (2 damage)
             ... on level 2 of the Dungeon.
             The game lasted 00:01:57 (784 turns).

Mgcat the Chopper (Minotaur Berserker)               Turns: 784, Time: 00:01:58

Health: 0/31       AC:  2    Str: 21    XL:     3   Next: 23%
Magic:  2/2        EV: 12    Int:  4    God:    Trog [*.....]
Gold:   47         SH:  0    Dex: 10    Spells: 2/2 levels left

rFire    . . .     SeeInvis .   a - +0 hand axe
rCold    + . .     Gourm    .   (no shield)
rNeg     . . .     Faith    .   b - +0 animal skin
rPois    .         Spirit   .   (helmet restricted)
rElec    .         Reflect  .   (no cloak)
rCorr    .         Harm     .   (no gloves)
MR       .....                  (no boots)
Stlth    +.........             (no amulet)
HPRegen  0.10/turn              i - ring of protection from cold {rC+, !d}
MPRegen  0.08/turn              (no ring)

@: no status effects
A: retaliatory headbutt, horns 2
a: Berserk, Renounce Religion


You were on level 2 of the Dungeon.
You worshipped Trog.
Trog was aware of your devotion.
You were hungry.

You visited 1 branch of the dungeon, and saw 2 of its levels.

You collected 47 gold pieces.

Inventory:

Hand Weapons
 a - a +0 hand axe (weapon)
Armour
 b - a +0 animal skin (worn)
Jewellery
 i - a ring of protection from cold (left hand) {rC+, !d}
   (You found it on level 2 of the Dungeon)
Scrolls
 e - a scroll of random uselessness {unknown}
 g - a scroll of remove curse {unknown}
 h - 3 scrolls of identify {unknown}
Potions
 f - 2 potions of curing {unknown}
Comestibles
 c - 3 rations
 d - 4 chunks of flesh {@w0}


   Skills:
 - Level 3.6 Fighting
 + Level 5.3 Axes
 - Level 2.4 Armour
 - Level 2.1 Dodging


You had 2 spell levels left.
You didn't know any spells.
Your spell library was empty.

Dungeon Overview and Level Annotations

Branches:
Dungeon (2/15)

Altars:

Annotations:
D:2 Robin


Innate Abilities, Weirdness & Mutations

You reflexively headbutt those who attack you in melee.
You have a pair of horns on your head.


Message History

You are too injured to fight recklessly!
You are too injured to fight recklessly!
The goblin shouts!
You hear a shout!
You hear an angry hiss.
The goblin hits you.
You hit the goblin.
You kill the goblin!
Trog accepts your kill.
Robin of the Strong Arm comes into view.
She is wielding a whip.
A goblin comes into view.
Robin moves out of view.
You are too injured to fight recklessly!
You are too injured to fight recklessly!
A goblin comes into view.
The goblin shouts!
You hear a shout! x2
A hobgoblin comes into view. It is wielding a club.
A goblin comes into view. It is wielding a dagger.
You hear a shout!
The hobgoblin shouts!
You barely miss the goblin. Your headbutt misses the goblin.
You feel yourself speed up.
A giant cockroach comes into view.
The goblin barely misses you. The hobgoblin hits you with a club.
* * * LOW HITPOINT WARNING * * *
The goblin hits you but does no damage. The goblin hits you but does no damage.
An adder comes into view.
A goblin comes into view.
Robin shouts!
You hear a shout!
Robin roars a battlecry!
The goblins go into a battle-frenzy!
Okay, then.
Unknown command.
Okay, then.
The goblin shouts!
A bat comes into view.
You recover from your berserk rage.
You miss the goblin. Your headbutt misses the goblin. You hit the goblin.
The goblin barely misses you. You furiously retaliate!
You headbutt the goblin.
You kill the goblin!
Trog accepts your kill. The goblin hits you.
* * * LOW HITPOINT WARNING * * *
You closely miss the goblin. The goblin barely misses you.
You hit the goblin but do no damage. You completely miss the goblin.
The goblin barely misses you. You furiously retaliate!
You headbutt the goblin!
You kill the goblin!
Trog accepts your kill. The goblin misses you.
You closely miss the goblin.
You kill the goblin!
Trog accepts your kill. The bat closely misses you.
The bat hits you but does no damage.
You hit the bat.
You kill the bat!
Trog accepts your kill.
You hit the hobgoblin. The hobgoblin barely misses you.
The giant cockroach barely misses you.
You barely miss the giant cockroach. You hit the hobgoblin.
You kill the hobgoblin!
Trog accepts your kill.
Your Axes skill increases to level 5!
You are feeling hungry.
The giant cockroach closely misses you. You furiously retaliate!
You headbutt the giant cockroach!
You kill the giant cockroach!
Trog accepts your kill.
Robin says, "Feeling lonely?"
You barely miss the adder. You hit the goblin. The goblin barely misses you.
The adder misses you.
You slash the adder! Your headbutt misses the adder.
The adder is almost dead.
You barely miss the goblin. The goblin hits you.
* * * LOW HITPOINT WARNING * * *
The adder closely misses you. You furiously retaliate!
You headbutt the adder!
You kill the adder!
Trog accepts your kill.
You have reached level 3!
Your experience leads to an increase in your attributes!
Increase (S)trength, (I)ntelligence, or (D)exterity?
You feel agile.
A goblin and 2 hobgoblins come into view.
The goblin shouts!
The hobgoblin shouts!
The goblin misses you.
You see here a bat corpse.
You barely miss the hobgoblin. You slash the goblin!
You kill the goblin!
Trog accepts your kill. The hobgoblin closely misses you.
The hobgoblin closely misses you. The hobgoblin misses you.
You furiously retaliate!
You headbutt the hobgoblin. You slash the hobgoblin!
You kill the hobgoblin!
Trog accepts your kill.
You barely miss Robin.
Robin roars a battlecry!
The hobgoblin goes into a battle-frenzy!
You see here an animal skin.
Robin throws the goblin at you!
* * * LOW HITPOINT WARNING * * *
The goblin hits you with a dagger.
You die...

.# ..## ...# ....#
##########..#.##
#..)$†.g.......#
#.####g#g#..#.. #.#
#.#[#..#.. #g#
#.@........ #g#
#g..##(#.#.
.######g####<..##.#
..........g.....S#
#.#####.#####..##.#
#.# #..# #.#####)÷#
.........#
...####.##


You could see Robin, a hobgoblin and a goblin.

Vanquished Creatures
  An adder (D:2)
  A worm (D:2)
  3 bats
  2 giant cockroaches
  9 goblins
  2 hobgoblins (D:2)
  2 kobolds (D:1)
  3 rats
23 creatures vanquished.

Vanquished Creatures (others)
  A jackal (D:1)
1 creature vanquished.

Grand Total: 24 creatures vanquished

Notes
Turn   | Place    | Note
-------+----------+-------------------------------------------
     0 | D:1      | Mgcat the Minotaur Berserker began the quest for the Orb.
     0 | D:1      | Reached XP level 1. HP: 19/19 MP: 0/0
    72 | D:1      | Reached skill level 4 in Axes
   110 | D:1      | Reached XP level 2. HP: 22/26 MP: 1/1
   753 | D:2      | Noticed Robin
   756 | D:2      | HP: 5/26 [hobgoblin/club[Robin] (5)]
   769 | D:2      | HP: 3/26 [goblin[Robin] (3)]
   774 | D:2      | Reached skill level 5 in Axes
   776 | D:2      | HP: 2/26 [goblin[Robin] (2)]
   776 | D:2      | Reached XP level 3. HP: 2/31 MP: 2/2
   784 | D:2      | HP: 2/31 [Robin/goblin (1)]
   784 | D:2      | Slain by a goblin

Vault maps used:
D:1:      minmay_arrival_stair_chambers, serial_bayou_pond_a, nrook_uturn,
          roderic_lattice_a, lemuel_flame_loot_1
D:2:      lemuel_round_altar, lemuel_crystal_altar, chequers_big_river,
          uniq_robin

Skill      XL: |  1  2 |
---------------+-------+-----
Axes           | 4 5 |  5.3
Fighting       | |  3.6
Armour         | |  2.4
Dodging        | |  2.1

Action                   || total
-------------------------++-------
Melee: Hand axe          ||    33
       Headbutt          ||     1
Invok: Berserk           ||     1
Armor: Animal skin       ||     8
Dodge: Dodged            ||    30

Table legend:
 A = Spawn XP
 B = Non-spawn XP
 C = Spawn XP percentage of total XP
 D = Spawn monster count
 E = Non-spawn monster count
 F = Spawn count percentage of total count
 G = Total turns spent on level
                    A         B        C        D         E        F      G
               +---------+---------+-------+---------+---------+-------+---------
         Total |       0 |      54 |   0.0 |       0 |      23 |   0.0 |   784
               +---------+---------+-------+---------+---------+-------+---------
           D:1 |       0 |      15 |   0.0 |       0 |       9 |   0.0 |   715
           D:2 |       0 |      39 |   0.0 |       0 |      14 |   0.0 |    69
               +---------+---------+-------+---------+---------+-------+---------

Vault maps used:
D:1:      minmay_arrival_stair_chambers, serial_bayou_pond_a, nrook_uturn,
          roderic_lattice_a, lemuel_flame_loot_1
D:2:      lemuel_round_altar, lemuel_crystal_altar, chequers_big_river,
          uniq_robin

Table legend:
 A = Turns spent in this place as a percentage of turns spent in the entire game.
 B = Non-inter-level travel turns spent in this place as a percentage of non-inter-level travel turns spent in the entire game.
 C = Inter-level travel turns spent in this place as a percentage of turns spent in this place.
 D = Turns resting spent in this place as a percentage of non-inter-level travel turns spent in this place.
 E = Turns spent auto-exploring this place as a percentage of non-inter-level travel turns spent in this place.
 F = Non-inter-level travel turns spent in this place divided by the number of levels of this place that you've seen.
                   A       B       C       D       E      F
               +-------+-------+-------+-------+-------+----------------------
         Total | 100.0 | 100.0 |   8.4 |   0.0 |  75.5 | 359.0
       Dungeon | 100.0 | 100.0 |   8.4 |   0.0 |  75.5 | 359.0
               +-------+-------+-------+-------+-------+----------------------

Table legend:
 A = Kills in this place as a percentage of kills in entire the game.
 B = Kills by you in this place as a percentage of kills by you in the entire game.
 C = Kills by friends in this place as a percentage of kills by friends in the entire game.
 D = Other kills in this place as a percentage of other kills in the entire game.
 E = Experience gained in this place as a percentage of experience gained in the entire game.
 F = Experience gained in this place divided by the number of levels of this place that you have seen.
                   A       B       C       D       E      F
               +-------+-------+-------+-------+-------+----------------------
         Total | 100.0 | 100.0 |   N/A |   N/A | 100.0 |  27.0
       Dungeon | 100.0 | 100.0 |   N/A |   N/A | 100.0 |  27.0
               +-------+-------+-------+-------+-------+----------------------
